 Dungeon Crawl Stone Soup version 0.18.1-48-g4cf74bf (webtiles) character file.

116 nikopol the Chopper (level 4, 0/41 HPs)
             Began as a Minotaur Berserker on Aug 22, 2016.
             Was a Believer of Trog.
             Killed from afar by an orc wizard (8 damage)
             ... with a magic dart
             ... on level 3 of the Dungeon.
             The game lasted 00:02:54 (1577 turns).

nikopol the Chopper (Minotaur Berserker)            Turns: 1577, Time: 00:02:55

Health: 0/41       AC:  5    Str: 22    XL:     4   Next: 70%
Magic:  3/3        EV:  7    Int:  4    God:    Trog [**....]
Gold:   66         SH:  0    Dex: 10    Spells: 0 memorised, 3 levels left

rFire  . . .     SeeInvis .     a - +0 hand axe
rCold  . . .     Gourm    .     e - +0 ring mail
rNeg   . . .     Faith    .     (no shield)
rPois  .         Spirit   .     (helmet restricted)
rElec  .         Dismiss  .     (no cloak)
rCorr  .         Reflect  .     (no gloves)
SustAt .         Harm     .     (no boots)
MR     .....                    (no amulet)
Stlth  ..........               (no ring)
                                (no ring)

@: exhausted, slowed, very slow, not resistant to hostile enchantments,
extremely unstealthy
A: retaliatory headbutt, horns 2
a: Berserk, Trog's Hand, Burn Spellbooks, Renounce Religion


You were on level 3 of the Dungeon.
You worshipped Trog.
Trog was pleased with you.
You were very hungry.

You visited 1 branch of the dungeon, and saw 3 of its levels.

You collected 66 gold pieces.

Inventory:

Hand Weapons
 a - a +0 hand axe (weapon)
Armour
 b - a +0 animal skin
 e - a +0 ring mail (worn)
Scrolls
 f - 2 scrolls of fear {unknown}
 i - a scroll of enchant armour {unknown}
 m - a scroll of recharging {unknown}
Potions
 h - a potion of curing {unknown}
 j - a potion of mutation {unknown}
 k - a potion of berserk rage {unknown}
 l - a potion of lignification {unknown}
Comestibles
 c - 4 bread rations
 d - a beef jerky
 g - a meat ration


   Skills:
 + Level 4.4 Fighting
 + Level 4.6 Axes
 + Level 3.4 Armour
 + Level 3.4 Dodging


You had 3 spell levels left.
You didn't know any spells.

Dungeon Overview and Level Annotations

Branches:
Dungeon (3/15)

Altars:
Ashenzari
Makhleb
Pakellas
Qazlal
Ru
Sif Muna
Trog
Vehumet
Xom
Yredelemnul


Innate Abilities, Weirdness & Mutations

You reflexively headbutt those who attack you in melee.
You have a pair of horns on your head.


Message History

You kill the orc!
Trog accepts your kill.
You closely miss something. You closely miss the adder.
Your headbutt misses the adder. You closely miss something.
The adder bites you but does no damage. Something hits you but does no damage.
You bump into the rock wall.
You feel less confused. The adder barely misses you. You furiously retaliate!
You headbutt the adder!
You kill the adder!
Trog accepts your kill.
You feel a strong urge to attack something.
You are no longer berserk.
You are exhausted.
You feel yourself slow down.
You are feeling very hungry.
You hear some strange, mumbled words.
A magic dart appears from out of thin air!
The magic dart hits you!
You die...

#.......
#......
#.....
#....
#[.. #..
#s#
####)#
#..)@#
#.#### #


You could see a giant cockroach.

Vanquished Creatures
  An orc wizard (D:3)
  A gnoll (D:1)
  3 adders
  A worm (D:2)
  5 dart slugs
  3 orcs (D:3)
  7 bats
  2 giant cockroaches (D:2)
  3 hobgoblins
  4 jackals (D:1)
  A giant newt (D:2)
  5 goblins
  3 kobolds (D:2)
  3 rats
42 creatures vanquished.

Notes
Turn   | Place    | Note
--------------------------------------------------------------
     0 | D:1      | nikopol the Minotaur Berserker began the quest for the Orb.
     0 | D:1      | Reached XP level 1. HP: 19/19 MP: 0/0
    61 | D:1      | Reached XP level 2. HP: 9/27 MP: 1/1
   383 | D:1      | Reached XP level 3. HP: 31/33 MP: 2/2
   650 | D:1      | Reached ** piety under Trog
   837 | D:2      | Found a shimmering altar of Xom.
   844 | D:2      | Found a shimmering altar of Xom.
   915 | D:2      | Found a shattered altar of Ashenzari.
   952 | D:2      | Found a shimmering altar of Xom.
   955 | D:2      | Found a shimmering altar of Xom.
   974 | D:2      | Found a shimmering altar of Xom.
  1057 | D:2      | Found a stormy altar of Qazlal.
  1065 | D:2      | Found a deep blue altar of Sif Muna.
  1065 | D:2      | Found a sacrificial altar of Ru.
  1065 | D:2      | Found a burning altar of Makhleb.
  1065 | D:2      | Found a bloodstained altar of Trog.
  1068 | D:2      | Found a basalt altar of Yredelemnul.
  1068 | D:2      | Found a radiant altar of Vehumet.
  1070 | D:2      | Found an oddly glowing altar of Pakellas.
  1354 | D:2      | Reached XP level 4. HP: 36/40 MP: 3/3
  1577 | D:3      | Killed from afar by an orc wizard

Skill      XL: |  1  2  3 |
---------------+----------+-----
Axes           | 4 |  4.6
Fighting       | 4 |  4.4
Armour         | 3 |  3.4
Dodging        | 3 |  3.4

Action                   |  1- 3 |  4- 6 || total
-------------------------+-------+-------++-------
Melee: Hand axe          |    77 |    26 ||   103
       Headbutt          |    10 |     7 ||    17
Invok: Berserk           |     1 |     1 ||     2
  Eat: Chunk             |     2 |     1 ||     3
Armor: Ring mail         |    30 |     9 ||    39
Dodge: Dodged            |    63 |     6 ||    69
